 Dungeon Crawl Stone Soup version 0.31-a0-1042-ga9834b393d (webtiles) character file.

Game seed: 13679813491205965370

218 Maratek the Covered (level 5, -6/47 HPs)
             Began as a Minotaur Fighter on Nov 20, 2023.
             Mangled by an ogre
             ... wielding a +0 giant spiked club
              (25 damage)
             ... on level 4 of the Dungeon.
             The game lasted 00:04:06 (2487 turns).

Maratek the Covered (Minotaur Fighter)              Turns: 2487, Time: 00:04:07

Health: -6/47      AC:  7    Str: 28    XL:     5   Next: 63%
Magic:  4/4        EV: 10    Int:  5    God:
Gold:   208        SH:  4    Dex: 10    Spells: 4/4 levels left

rFire   x . .        a - +0 war axe
rCold   . . .        c - +0 buckler
rNeg    + . .        b - +0 scale mail
rPois   .            (helmet restricted)
rElec   .            (no cloak)
rCorr   .            (no gloves)
SInv    +            (no boots)
Will    .....        (no amulet) Stlth
                     i - ring "Ynoel" {rF- rN+ Str+6 SInv}
HPRegen 0.27/turn    (no ring)
MPRegen 0.09/turn

%: no passive effects
@: no status effects
A: horns 2, retaliatory headbutt
a: no special abilities


You were on level 4 of the Dungeon.
You visited 1 branch of the dungeon, and saw 4 of its levels.

You collected 208 gold pieces.

Inventory:

Hand Weapons
 a - a +0 war axe (weapon)
Armour
 b - a +0 scale mail (worn)
 c - a +0 buckler (worn)
Jewellery
 i - the ring "Ynoel" (left hand) {rF- rN+ Str+6 SInv}
   (You found it on level 2 of the Dungeon)

   [ring of strength]

   Str+6:     It affects your strength (+6).
   rF-:       It makes you vulnerable to fire.
   rN+:       It protects you from negative energy.
   SInv:      It lets you see invisible.
Wands
 l - a wand of roots (8)
Scrolls
 f - 2 scrolls of revelation
 h - a scroll of fear
 k - a scroll of teleportation
 m - a scroll of amnesia
Potions
 d - 2 potions of might
 e - a potion of cancellation
 g - 2 potions of curing
 j - a potion of attraction {unknown}


   Skills:
 + Level 4.4 Fighting
 + Level 4.6 Axes
 + Level 4.9 Armour
 + Level 2.1 Dodging
 + Level 4.2 Shields


You had 4 spell levels left.
You didn't know any spells.
Your spell library contained the following spells:

 Spells                   Type           Power      Damage    Failure   Level
 Shock                    Conj/Air       0%         1d3       78%         1
 Swiftness                Air            0%         N/A       98%         3
 Airstrike                Air            0%         2d(0-16)  100%        4


Dungeon Overview and Level Annotations

Branches:
Dungeon (4/15)
 Temple: D:4-7

Altars:
Ashenzari
Zin


Innate Abilities, Weirdness & Mutations

You have a pair of horns on your head.
You reflexively headbutt those who attack you in melee.


Message History

An ogre comes into view. It is wielding a +0 giant spiked club.
The ogre shouts!
The ogre moves out of view.
A giant cockroach comes into view.
There are monsters nearby!
Found a pink potion.
Found a runed leather armour.
You closely miss the ogre. You block the ogre's attack.
You barely miss the ogre. You headbutt the ogre.
The ogre is lightly wounded.
You hit the giant cockroach. You block the giant cockroach's attack.
The ogre hits you with a +0 giant spiked club!!
Ouch! That really hurt!
The giant cockroach barely misses you.
You are too injured to fight recklessly!
You are too injured to fight recklessly!
You are too injured to fight recklessly!
You are too injured to fight recklessly!
You are too injured to fight recklessly!
You are too injured to fight recklessly!
You are too injured to fight recklessly!
You are too injured to fight recklessly!
You are too injured to fight recklessly!
You are too injured to fight recklessly!
You are too injured to fight recklessly!
You are too injured to fight recklessly!
You are too injured to fight recklessly!
You are too injured to fight recklessly!
You are too injured to fight recklessly!
You are too injured to fight recklessly!
You are too injured to fight recklessly!
You are too injured to fight recklessly!
You are too injured to fight recklessly!
You slash the ogre! Your headbutt misses the ogre.
The ogre is severely wounded.
You slash the giant cockroach!
You kill the giant cockroach!
The ogre hits you with a +0 giant spiked club!!
Ouch! That really hurt!
You die...

.....## ##### #..
.##...# [.. ..# ##.#
......# ...... #.###..
.#..#.# ...... #.....
.#..#.#....... #..#.
....#.# ..!...##...
##..#.# ..........# #
#....# ......†O.#.#
#....# #.#...@...#
#..#.# #.###...####
##.#.#####.>..........
#.#.......#.....#####
#.#..###..#.#####
#....# #....#
#....###..###
#._.#...#(#
#.........#


You could see an ogre.

Vanquished Creatures
  A scorpion (D:4)
  An iguana (D:4)
  6 adders
  A worm (D:3)
  5 ball pythons
  7 endoplasms
  2 giant cockroaches
  5 goblins
  9 hobgoblins
  5 jackals
  9 kobolds
  3 quokkas
  10 bats
  5 frilled lizards
  5 rats
74 creatures vanquished.

Notes
Turn   | Place    | Note
-------+----------+-------------------------------------------
     0 | D:1      | Maratek the Minotaur Fighter began the quest for the Orb.
     0 | D:1      | Reached XP level 1. HP: 19/19 MP: 0/0
    60 | D:1      | Reached XP level 2. HP: 27/27 MP: 1/1
   638 | D:2      | Reached XP level 3. HP: 33/33 MP: 2/2
   642 | D:2      | Found a glowing silver altar of Zin.
   829 | D:2      | Identified the ring "Ynoel" {rF- rN+ Str+6 SInv}
  1331 | D:2      | Reached XP level 4. HP: 36/40 MP: 3/3
  1973 | D:3      | Reached skill level 1 in Dodging
  2096 | D:4      | Found a broken altar of Ashenzari.
  2186 | D:4      | Noticed a scorpion
  2191 | D:4      | Killed a scorpion
  2192 | D:4      | Reached XP level 5. HP: 27/47 MP: 4/4
  2424 | D:4      | Found a glowing silver altar of Zin.
  2481 | D:4      | Noticed an ogre
  2487 | D:4      | Mangled by an ogre

Illustrated notes

Levels and vault maps discovered:
D:1:      dpeg_arrival_rooms_c, layout_loops_ring, skrybe_limestone_x,
          amcnicky_mini_corridor_feature
D:2:      layout_loops_cross, basic_altar, serial_bayou_pond_c,
          nicolae_half_adder
D:3:      minmay_diamond_boxcup, layout_rooms, kennysheep_big_empty_room
D:4:      layout_loops_cross, lemuel_crystal_altar,
          mainiacjoe_overflow_boulevard

Skill      XL: |  1  2  3  4  5 |
---------------+----------------+-----
Fighting       | 4 |  4.4
Armour         | 4 |  4.9
Axes           | 3 4 |  4.6
Dodging        | 1 2 |  2.1
Shields        | 4 |  4.2

Action                     |  1- 3 |  4- 6 || total
---------------------------+-------+-------++-------
  Melee: War axe           |    72 |    64 ||   136
         Headbutt          |    11 |    11 ||    22
    Use: Scroll            |     4 |     3 ||     7
 Armour: Scale mail        |    55 |    50 ||   105
  Dodge: Dodged            |    43 |    30 ||    73
  Block: Buckler           |    17 |    14 ||    31

Table legend: (Time is in decaauts)
 A = Elapsed time spent in this place.
 B = Non-inter-level travel time spent in this place.
 C = Inter-level travel time spent in this place.
 D = Time resting spent in this place.
 E = Time spent auto-exploring this place.
 F = Levels seen in this place.
 G = Mean time per level.
                   A        B        C        D        E       F      G
               +--------+--------+--------+--------+--------+-----+--------+
         Total |   2538 |   2445 |     93 |      0 |   2017 |   4 |  634.5 |
       Dungeon |   2538 |   2445 |     93 |      0 |   2017 |   4 |  634.5 |
               +--------+--------+--------+--------+--------+-----+--------+

Top non-repeatable levels by time:
     D:2: 848 daAuts
     D:3: 646 daAuts
     D:1: 644 daAuts
     D:4: 398 daAuts
